| TOP OF THE 1ST |
|
San Francisco Giants batting - Pitching for Arizona Diamondbacks : RHP Art Nobles
|
|
Pitching: RHP Art Nobles
|
|
|
Batting: RHB Jason May
|
0-0: Called Strike 0-1: Called Strike 0-2: Ball 1-2: Ball 2-2: Ball 3-2: Strikes out looking
|
|
Batting: SHB Ryan Doss
|
0-0: Called Strike 0-1: Called Strike 0-2: Ball 1-2: Ball 2-2: Strikes out swinging
|
|
Batting: LHB Jack Henningar
|
0-0: Called Strike 0-1: Ball 1-1: Foul Ball, location: 2F 1-2: Ball 2-2: Fly out, F8 (Flyball, 8LM, EV 93.1 MPH)
|
| Top of the 1st over - 0 runs, 0 hits, 0 errors, 0 left on base; San Francisco 0 - Arizona 0 |
| BOTTOM OF THE 1ST |
|
Arizona Diamondbacks batting - Pitching for San Francisco Giants : RHP Ted Mosley
|
|
Pitching: RHP Ted Mosley
|
|
|
Batting: RHB David Price Jr.
|
0-0: Ball 1-0: Swinging Strike 1-1: Ball 2-1: Foul Ball, location: 2F 2-2: Ball 3-2: Ground out 1-3 (Groundball, 13S, EV 71.3 MPH)
|
|
Batting: LHB Kyle Beaulieu
|
0-0: Called Strike 0-1: Ground out 5-3 (Groundball, 56, EV 87.5 MPH)
|
|
Batting: LHB Eric Klasek
|
0-0: Swinging Strike 0-1: Foul Ball, location: 2F 0-2: Ball 1-2: Ball 2-2: Ball 3-2: Foul Ball, location: 2F 3-2: Strikes out swinging
|
| Bottom of the 1st over - 0 runs, 0 hits, 0 errors, 0 left on base; San Francisco 0 - Arizona 0 |
| TOP OF THE 2ND |
|
San Francisco Giants batting - Pitching for Arizona Diamondbacks : RHP Art Nobles
|
|
Batting: LHB Willis Robles
|
0-0: Ball 1-0: Ball 2-0: Ball 3-0: Base on Balls
|
|
Batting: RHB Sean Zielinski
|
0-0: Ball 1-0: Called Strike 1-1: Foul Ball, location: 2F 1-2: Ball 2-2: Foul Ball, location: 2F 2-2: SINGLE (Groundball, 6MD, EV 105.6 MPH) Willis Robles to second Runner from 2nd tries for 3rd, SAFE, no throw by CF
|
|
Batting: RHB Jim Zucco
|
0-0: Ball 1-0: Foul Ball, location: 2F 1-1: Ball 2-1: Ball 3-1: DOUBLE (Flyball, 89XD, EV 101.9 MPH) Willis Robles scores Sean Zielinski to third
|
|
Batting: RHB Nick Rigden
|
0-0: Ball 1-0: Ball 2-0: Ground out 5-3 (Groundball, 5, EV 87.5 MPH)
|
|
Batting: RHB Ray Llewellyn
|
0-0: Ball 1-0: Called Strike 1-1: SINGLE (Line Drive, 34, EV 104.4 MPH) Sean Zielinski scores Jim Zucco to third
|
|
Batting: RHB Xavier Castellanos
|
0-0: Ball 1-0: Foul Ball, location: 2F 1-1: Called Strike Ray Llewellyn steals 2nd base 1-2: Ball 2-2: Ground out U3 (Groundball, 3S, EV 62.5 MPH)
|
|
Batting: RHB Jason May
|
0-0: Called Strike 0-1: Ball 1-1: Foul Ball, location: 2F 1-2: Ball 2-2: Foul Ball, location: 2F 2-2: Foul Ball, location: 2F 2-2: Ball 3-2: DOUBLE (Flyball, 8LXD, EV 111.9 MPH) Jim Zucco scores Ray Llewellyn scores
|
|
Batting: SHB Ryan Doss
|
0-0: DOUBLE (Flyball, 8LXD, EV 106.3 MPH) Jason May scores
|
|
Batting: LHB Jack Henningar
|
0-0: Ball 1-0: Swinging Strike 1-1: Ground out 2-3 (Groundball, 2R, EV 68.1 MPH)
|
| Top of the 2nd over - 5 runs, 5 hits, 0 errors, 1 left on base; San Francisco 5 - Arizona 0 |
| BOTTOM OF THE 2ND |
|
Arizona Diamondbacks batting - Pitching for San Francisco Giants : RHP Ted Mosley
|
|
Batting: SHB Alec Thorpe
|
0-0: Called Strike 0-1: Swinging Strike 0-2: Ball 1-2: Ball 2-2: SINGLE (Groundball, 4M, EV 108.8 MPH) (infield hit)
|
|
Batting: SHB Troy McClure
|
0-0: Ball 1-0: Ball 2-0: Ball 3-0: Base on Balls Alec Thorpe to second
|
|
Batting: LHB Danny Dunham
|
0-0: Foul Ball, location: 2F 0-1: Ball 1-1: Swinging Strike 1-2: Ball 2-2: Grounds into double play, 6-4-3 (Groundball, 6, EV 86.9 MPH) Alec Thorpe to third
|
|
Batting: RHB Blake Ballard
|
0-0: Ball 1-0: Ball 2-0: Ball 3-0: Base on Balls
|
|
Batting: SHB Valentin Laporte
|
0-0: Ball 1-0: Swinging Strike 1-1: Ball 2-1: Called Strike 2-2: Ball 3-2: Foul Ball, location: 2F 3-2: Ground out 5-3 (Groundball, 56, EV 95.0 MPH)
|
| Bottom of the 2nd over - 0 runs, 1 hit, 0 errors, 2 left on base; San Francisco 5 - Arizona 0 |
| TOP OF THE 3RD |
|
San Francisco Giants batting - Pitching for Arizona Diamondbacks : RHP Art Nobles
|
|
Batting: LHB Willis Robles
|
0-0: Called Strike 0-1: Fly out, F8 (Flyball, 78S, EV 88.8 MPH)
|
|
Batting: RHB Sean Zielinski
|
0-0: Ball 1-0: Ball 2-0: Ball 3-0: Base on Balls
|
|
Batting: RHB Jim Zucco
|
0-0: Foul Ball, location: 2F 0-1: SINGLE (Line Drive, 8LS, EV 100.0 MPH) Sean Zielinski to second Runner from 2nd tries for 3rd, SAFE, throw by CF made to third
|
|
Batting: RHB Nick Rigden
|
0-0: Fly out, F7 (Flyball, 7LS, EV 91.9 MPH)
|
|
Batting: RHB Ray Llewellyn
|
0-0: Ball 1-0: SINGLE (Groundball, 5D, EV 105.0 MPH) Sean Zielinski scores Jim Zucco to second
|
|
Batting: RHB Xavier Castellanos
|
0-0: Swinging Strike 0-1: Foul Ball, location: 2F 0-2: Foul Ball, location: 2F 0-2: Strikes out swinging
|
| Top of the 3rd over - 1 run, 2 hits, 0 errors, 2 left on base; San Francisco 6 - Arizona 0 |
| BOTTOM OF THE 3RD |
|
Arizona Diamondbacks batting - Pitching for San Francisco Giants : RHP Ted Mosley
|
|
Batting: RHB Mario Soto
|
0-0: Foul Ball, location: 2F 0-1: Ball 1-1: Ball 2-1: Ground out U3 (Groundball, 3, EV 85.6 MPH)
|
|
Batting: RHB David Price Jr.
|
0-0: Called Strike 0-1: Called Strike 0-2: Strikes out swinging
|
|
Batting: LHB Kyle Beaulieu
|
0-0: Swinging Strike 0-1: Foul Ball, location: 2F 0-2: Ball 1-2: Fly out, F8 (Flyball, 8LD, EV 108.8 MPH)
|
| Bottom of the 3rd over - 0 runs, 0 hits, 0 errors, 0 left on base; San Francisco 6 - Arizona 0 |
| TOP OF THE 4TH |
|
San Francisco Giants batting - Pitching for Arizona Diamondbacks : RHP Art Nobles
|
|
Batting: RHB Jason May
|
0-0: Foul Ball, location: 2F 0-1: Swinging Strike 0-2: Foul Ball, location: 2F 0-2: Ball 1-2: Foul Ball, location: 2F 1-2: SINGLE (Line Drive, 34D, EV 97.5 MPH)
|
|
Batting: SHB Ryan Doss
|
0-0: Ball 1-0: Foul Ball, location: 2F 1-1: Foul Ball, location: 2F 1-2: Ball 2-2: Ball 3-2: Foul Ball, location: 2F 3-2: Foul Ball, location: 2F 3-2: Base on Balls Jason May to second
|
|
Batting: LHB Jack Henningar
|
0-0: Ball 1-0: Foul Ball, location: 2F 1-1: Ball 2-1: Foul Ball, location: 2F 2-2: Foul Ball, location: 2F 2-2: Fly out, F9 (Flyball, 9LS, EV 79.4 MPH)
|
|
Batting: LHB Willis Robles
|
0-0: Called Strike 0-1: Ball 1-1: Fly out, F9 (Flyball, 9S, EV 86.3 MPH)
|
|
Batting: RHB Sean Zielinski
|
0-0: Ball 1-0: Called Strike 1-1: Ball 2-1: Fly out, F9 (Flyball, 9, EV 89.4 MPH)
|
| Top of the 4th over - 0 runs, 1 hit, 0 errors, 2 left on base; San Francisco 6 - Arizona 0 |
| BOTTOM OF THE 4TH |
|
Arizona Diamondbacks batting - Pitching for San Francisco Giants : RHP Ted Mosley
|
|
Batting: LHB Eric Klasek
|
0-0: Called Strike 0-1: Ball 1-1: Ball 2-1: Ball 3-1: Fly out, F8 (Flyball, 8LXD, EV 93.8 MPH)
|
|
Batting: SHB Alec Thorpe
|
0-0: Ball 1-0: Swinging Strike 1-1: Swinging Strike 1-2: Strikes out swinging
|
|
Batting: SHB Troy McClure
|
0-0: Ball 1-0: Ball 2-0: Ball 3-0: Base on Balls
|
|
Batting: LHB Danny Dunham
|
0-0: Ball 1-0: Swinging Strike 1-1: Called Strike 1-2: Fly out, F5 (Line Drive, 5, EV 68.8 MPH)
|
| Bottom of the 4th over - 0 runs, 0 hits, 0 errors, 1 left on base; San Francisco 6 - Arizona 0 |
| TOP OF THE 5TH |
|
San Francisco Giants batting - Pitching for Arizona Diamondbacks : RHP Art Nobles
|
|
Batting: RHB Jim Zucco
|
0-0: Swinging Strike 0-1: Ball 1-1: Ball 2-1: Called Strike 2-2: SINGLE (Groundball, 56S, EV 60.6 MPH) (infield hit)
|
|
Pitching: RHP Larry Mathieu
|
|
|
Batting: RHB Nick Rigden
|
0-0: Ball 1-0: Ball 2-0: Called Strike 2-1: Called Strike 2-2: Fly out, F6 (Popup, 6MS, EV 81.3 MPH)
|
|
Batting: RHB Ray Llewellyn
|
0-0: Called Strike 0-1: Ball 1-1: Called Strike 1-2: Foul Ball, location: 2F 1-2: Foul Ball, location: 2F 1-2: Foul Ball, location: 2F 1-2: Foul Ball, location: 2F 1-2: Ball 2-2: Fielders Choice at 2nd, 4-6 (Groundball, 4, EV 105.6 MPH)
|
|
Batting: RHB Xavier Castellanos
|
0-0: Called Strike 0-1: Ball Ray Llewellyn steals 2nd base 1-1: TRIPLE (Line Drive, 89XD, EV 101.3 MPH) Ray Llewellyn scores
|
|
Batting: RHB Jason May
|
0-0: Called Strike 0-1: Swinging Strike 0-2: Ball 1-2: Foul Ball, location: 2F 1-2: Ball 2-2: Fly out, F8 (Flyball, 78D, EV 102.5 MPH)
|
| Top of the 5th over - 1 run, 2 hits, 0 errors, 1 left on base; San Francisco 7 - Arizona 0 |
| BOTTOM OF THE 5TH |
|
Arizona Diamondbacks batting - Pitching for San Francisco Giants : RHP Ted Mosley
|
|
Batting: RHB Blake Ballard
|
0-0: Called Strike 0-1: Ground out 2-3 (Groundball, 2L, EV 76.9 MPH)
|
|
Batting: SHB Valentin Laporte
|
0-0: Fly out, F8 (Flyball, 78M, EV 82.5 MPH)
|
|
Batting: RHB Mario Soto
|
0-0: Ball 1-0: SINGLE (Groundball, 6MD, EV 95.6 MPH)
|
|
Batting: RHB David Price Jr.
|
0-0: Called Strike 0-1: Ball 1-1: Ball 2-1: Fly out, F7 (Flyball, 7S, EV 85.0 MPH)
|
| Bottom of the 5th over - 0 runs, 1 hit, 0 errors, 1 left on base; San Francisco 7 - Arizona 0 |
| TOP OF THE 6TH |
|
San Francisco Giants batting - Pitching for Arizona Diamondbacks : RHP Larry Mathieu
|
|
Batting: SHB Ryan Doss
|
0-0: Ball 1-0: Ball 2-0: Called Strike 2-1: Foul Ball, location: 2F 2-2: Strikes out swinging
|
|
Batting: LHB Jack Henningar
|
0-0: Foul Ball, location: 2F 0-1: Ball 1-1: Fly out, F8 (Line Drive, 8RD, EV 94.4 MPH)
|
|
Batting: LHB Willis Robles
|
0-0: Ball 1-0: Ball 2-0: Foul Ball, location: 2F 2-1: Ball 3-1: Base on Balls
|
|
Pitching: RHP Andrew Coker
|
|
|
Batting: RHB Sean Zielinski
|
0-0: Ball 1-0: Ball 2-0: Ball 3-0: Base on Balls Willis Robles to second
|
|
Batting: RHB Jim Zucco
|
0-0: Called Strike 0-1: Ball 1-1: Ball 2-1: Foul Ball, location: 2F 2-2: Strikes out swinging
|
| Top of the 6th over - 0 runs, 0 hits, 0 errors, 2 left on base; San Francisco 7 - Arizona 0 |
| BOTTOM OF THE 6TH |
|
Arizona Diamondbacks batting - Pitching for San Francisco Giants : RHP Ted Mosley
|
|
Batting: LHB Kyle Beaulieu
|
0-0: Swinging Strike 0-1: Swinging Strike 0-2: Foul Ball, location: 2F 0-2: Foul Ball, location: 2F 0-2: Ball 1-2: Strikes out swinging
|
|
Batting: LHB Eric Klasek
|
0-0: Ball 1-0: Called Strike 1-1: Called Strike 1-2: Foul Ball, location: 2F 1-2: Ball 2-2: Ball 3-2: Ground out U3 (Groundball, 3L, EV 100.0 MPH)
|
|
Batting: SHB Alec Thorpe
|
0-0: Ball 1-0: Ball 2-0: Called Strike 2-1: Fly out, F4 (Popup, 4M, EV 66.9 MPH)
|
| Bottom of the 6th over - 0 runs, 0 hits, 0 errors, 0 left on base; San Francisco 7 - Arizona 0 |
| TOP OF THE 7TH |
|
San Francisco Giants batting - Pitching for Arizona Diamondbacks : RHP Andrew Coker
|
|
Batting: RHB Nick Rigden
|
0-0: Ball 1-0: Ball 2-0: Swinging Strike 2-1: Swinging Strike 2-2: Strikes out swinging
|
|
Batting: RHB Ray Llewellyn
|
0-0: Ball 1-0: Ball 2-0: Ball 3-0: Called Strike 3-1: Called Strike 3-2: Base on Balls
|
|
Batting: RHB Xavier Castellanos
|
0-0: Ball 1-0: Called Strike 1-1: Ball 2-1: Called Strike 2-2: Foul Ball, location: 2F 2-2: TRIPLE (Line Drive, 89XD, EV 98.1 MPH) Ray Llewellyn scores
|
|
Pitching: RHP Willie Nieto
|
|
|
Pinch Hitting: RHB Nate Hodson
|
0-0: Called Strike 0-1: Swinging Strike 0-2: Strikes out swinging
|
|
Batting: SHB Ryan Doss
|
0-0: Called Strike 0-1: Foul Ball, location: 2F 0-2: Ground out 6-3 (Groundball, 4M, EV 102.5 MPH)
|
| Top of the 7th over - 1 run, 1 hit, 0 errors, 1 left on base; San Francisco 8 - Arizona 0 |
| BOTTOM OF THE 7TH |
|
Arizona Diamondbacks batting - Pitching for San Francisco Giants : RHP Ted Mosley
|
|
Pitching: LHP Tyler Stancil
|
|
|
Now at 1B: Henri Cederberg
|
|
|
Pinch Hitting: RHB Fabrice Bertin
|
0-0: Foul Ball, location: 2F 0-1: Ball 1-1: Ball 2-1: Ground out 2-3 (Groundball, 2L, EV 70.0 MPH)
|
|
Pinch Hitting: RHB Shiro Suehiro
|
0-0: Ball 1-0: Foul Ball, location: 2F 1-1: Ground out 5-3 (Groundball, 5D, EV 100.6 MPH)
|
|
Batting: RHB Blake Ballard
|
0-0: Ball 1-0: Ball 2-0: Called Strike 2-1: Ball 3-1: Foul Ball, location: 2F 3-2: SOLO HOME RUN (Flyball, 9D, EV 96.3 MPH), Distance : 362 ft
|
|
Batting: SHB Valentin Laporte
|
0-0: Ball 1-0: Called Strike 1-1: Foul Ball, location: 2F 1-2: Ground out 4-3 (Groundball, 13, EV 88.8 MPH)
|
| Bottom of the 7th over - 1 run, 1 hit, 0 errors, 0 left on base; San Francisco 8 - Arizona 1 |
| TOP OF THE 8TH |
|
San Francisco Giants batting - Pitching for Arizona Diamondbacks : RHP Willie Nieto
|
|
Now at 1B: Shiro Suehiro
|
|
|
Now in RF: Fabrice Bertin
|
|
|
Batting: LHB Jack Henningar
|
0-0: SOLO HOME RUN (Flyball, 9D, EV 91.9 MPH), Distance : 358 ft
|
|
Batting: LHB Willis Robles
|
0-0: Called Strike 0-1: Ball 1-1: Called Strike 1-2: Ground out U3 (Groundball, 3S, EV 94.4 MPH)
|
|
Batting: RHB Sean Zielinski
|
0-0: Ball 1-0: Called Strike 1-1: Ball 2-1: Ball 3-1: Foul Ball, location: 2F 3-2: Foul Ball, location: 2F 3-2: SINGLE (Groundball, 4M, EV 87.5 MPH) (infield hit)
|
|
Batting: RHB Jim Zucco
|
0-0: Called Strike 0-1: Called Strike Sean Zielinski steals 2nd base 0-2: Foul Ball, location: 2F 0-2: Ball 1-2: Ball 2-2: Ball 3-2: Fly out, F7 (Line Drive, 7, EV 87.5 MPH)
|
|
Batting: RHB Nick Rigden
|
0-0: Ball 1-0: Fly out, F9 (Line Drive, 9, EV 101.9 MPH)
|
| Top of the 8th over - 1 run, 2 hits, 0 errors, 1 left on base; San Francisco 9 - Arizona 1 |
| BOTTOM OF THE 8TH |
|
Arizona Diamondbacks batting - Pitching for San Francisco Giants : LHP Tyler Stancil
|
|
Batting: RHB Mario Soto
|
0-0: Ball 1-0: SINGLE (Line Drive, 89S, EV 94.4 MPH)
|
|
Batting: RHB David Price Jr.
|
0-0: Foul Ball, location: 2F 0-1: Swinging Strike 0-2: Ball 1-2: Ball 2-2: Strikes out swinging
|
|
Batting: LHB Kyle Beaulieu
|
0-0: Called Strike 0-1: Ball 1-1: Foul Ball, location: 2F 1-2: Fielders Choice at 2nd, 4-6 (Groundball, 4, EV 76.9 MPH)
|
|
Pinch Hitting: SHB Perry Tuckfard
|
0-0: Called Strike 0-1: Ball 1-1: Fly out, F4 (Popup, 4S, EV 71.9 MPH)
|
| Bottom of the 8th over - 0 runs, 1 hit, 0 errors, 1 left on base; San Francisco 9 - Arizona 1 |
| TOP OF THE 9TH |
|
San Francisco Giants batting - Pitching for Arizona Diamondbacks : RHP Willie Nieto
|
|
Now at 1B: Perry Tuckfard
|
|
|
Now in LF: Fabrice Bertin
|
|
|
Now in RF: Shiro Suehiro
|
|
|
Pinch Hitting: SHB Bill Dooms
|
0-0: Called Strike 0-1: Ball 1-1: Ball 2-1: Swinging Strike 2-2: Foul Ball, location: 2F 2-2: Foul Ball, location: 2F 2-2: Strikes out looking
|
|
Pitching: LHP Jose Rodriguez
|
|
|
Batting: RHB Xavier Castellanos
|
0-0: Ball 1-0: Ball 2-0: Called Strike 2-1: Ball 3-1: Base on Balls
|
|
Batting: RHB Henri Cederberg
|
|
|
Pinch Hitting: RHB Quintin Parker
|
0-0: Foul Ball, location: 2F 0-1: Fly out, F7 (Flyball, 7LM, EV 89.4 MPH)
|
|
Batting: SHB Ryan Doss
|
0-0: Ball 1-0: Called Strike 1-1: Foul Ball, location: 2F Pickoff Throw to First - Out! 1-3
|
| Top of the 9th over - 0 runs, 0 hits, 0 errors, 0 left on base; San Francisco 9 - Arizona 1 |
| BOTTOM OF THE 9TH |
|
Arizona Diamondbacks batting - Pitching for San Francisco Giants : LHP Tyler Stancil
|
|
Now at C: Bill Dooms
|
|
|
Now at 1B: Quintin Parker
|
|
|
Pinch Hitting: RHB Billy Crookston
|
0-0: Ball 1-0: Ground out 6-3 (Groundball, 6MD, EV 82.5 MPH)
|
|
Batting: RHB Fabrice Bertin
|
0-0: Ground out 6-3 (Groundball, 6, EV 103.8 MPH)
|
|
Batting: RHB Shiro Suehiro
|
0-0: Swinging Strike 0-1: Ground out 4-3 (Groundball, 4, EV 91.3 MPH)
|
| Bottom of the 9th over - 0 runs, 0 hits, 0 errors, 0 left on base; San Francisco 9 - Arizona 1 |
|